 Dungeon Crawl Stone Soup version 0.20-a0-642-g4ff03ff (webtiles) character file.

936 Chiseanne the Nimble (level 7, -3/41 HPs)
             Began as a Spriggan Wanderer on Feb 14, 2017.
             Was an Initiate of Gozag.
             Slain by a wyvern skeleton (8 damage)
             ... on level 6 of the Dungeon.
             The game lasted 00:15:07 (6449 turns).

Chiseanne the Nimble (Spriggan Wanderer)            Turns: 6449, Time: 00:15:07

Health: -3/41      AC:  3    Str: 12    XL:     7   Next: 87%
Magic:  8/8        EV: 25    Int: 16    God:    Gozag
Gold:   390        SH:  0    Dex: 16    Spells: 6/6 levels left

rFire    + . .     SeeInvis +   a - +3 dagger (venom)
rCold    . . .     Gourm    .   d - +1 robe
rNeg     . . .     Faith    .   (shield restricted)
rPois    .         Spirit   .   (helmet restricted)
rElec    .         Reflect  .   (no cloak)
rCorr    .         Harm     .   (gloves unavailable)
MR       +....                  (boots unavailable)
Stlth    ++........             (no amulet)
Regen    0.2/turn               j - ring of protection from fire
MPRegen  0.2/turn               B - +5 ring of strength

@: gold aura, very quick
A: unfitting armour, see invisible, herbivore 3, speed 3, slow metabolism 2
a: Potion Petition, Call Merchant, Bribe Branch, Renounce Religion


You were on level 6 of the Dungeon.
You worshipped Gozag.
Gozag was aware of your devotion.
You were full.

You visited 2 branches of the dungeon, and saw 7 of its levels.

You collected 493 gold pieces.
You paid 103 gold pieces to Gozag.

Inventory:

Hand Weapons
 a - a +3 dagger of venom (weapon)
 w - a +2 blowgun
Missiles
 e - 2 curare-tipped needles
 g - 80 bolts
 i - 200 stones (quivered)
 q - 39 arrows
 u - a throwing net
 E - 17 sling bullets
Armour
 d - a +1 robe (worn)
Jewellery
 j - a ring of protection from fire (right hand)
 p - an uncursed ring of poison resistance
 B - a +5 ring of strength (left hand)
 D - an uncursed ring of protection from magic
Wands
 A - a wand of acid (0/15)
 F - a wand of digging (13/24)
Scrolls
 c - 3 scrolls of teleportation
 n - a scroll of fear
 t - 3 scrolls of immolation
 y - a scroll of amnesia
 C - a scroll of remove curse
Potions
 b - a potion of cancellation {unknown}
 h - 2 potions of might {unknown}
 k - a potion of berserk rage {unknown}
 l - 3 potions of curing
 m - a potion of lignification {unknown}
 o - a potion of magic {unknown}
 s - a potion of heal wounds {unknown}
 v - a potion of mutation {unknown}
 x - 3 potions of brilliance {unknown}
 z - 2 potions of flight {unknown}
 G - a potion of ambrosia {unknown}
Comestibles
 f - 3 bread rations
 r - 3 royal jellies


   Skills:
 * Level 6.4 Fighting
 - Level 1.0 Throwing
 * Level 9.3 Dodging
 - Level 3.0 Stealth
 - Level 1.0 Unarmed Combat


You had 6 spell levels left.
You didn't know any spells.

Dungeon Overview and Level Annotations

Branches:
Dungeon (6/15)             Temple (1/1) D:4

Altars:
Ashenzari
Cheibriados
Dithmenos
Elyvilon
Fedhas
Gozag
Hepliaklqana
Kikubaaqudgha
Makhleb
Nemelex Xobeh
Okawaru
Qazlal
Ru
Sif Muna
Trog
Uskayaw
Vehumet
Xom
Yredelemnul
Zin
The Shining One

Annotations:
D:3 Bronet's ghost, amateur HOMo


Innate Abilities, Weirdness & Mutations

You are very small and have problems with some larger weapons.
You are too small for most types of armour.
You have supernaturally acute eyesight. (SInv)
You are a herbivore.
You cover ground extremely quickly.
You need consume almost no food.


Message History

Out of range.
Okay, then.
You kill the orc warrior!
The orc wizard looks more healthy.
Evoke which item? (* to show all) (? for menu, Esc to quit)
Aiming: Corrosive Bolt (will waste charges)
Press: ? - help, Shift-Dir - straight line, f - orc wizard
Aim: an orc wizard, wielding a dagger and wearing a robe (heavily wounded, slightly transparent)
The bolt of acid hits the wyvern skeleton.
The wyvern skeleton is splashed with acid.
The acid corrodes the wyvern skeleton!
The wyvern skeleton is almost destroyed.
Evoking this partially-identified wand wasted a few charges.
Evoke which item? (* to show all) (? for menu, Esc to quit)
Aiming: Corrosive Bolt (will waste charges)
Press: ? - help, Shift-Dir - straight line, f/p - orc wizard
Aim: an orc wizard, wielding a dagger and wearing a robe (heavily wounded, slightly transparent) Nothing appears to happen.
The wyvern skeleton bites you!
You die...
Your body crumbles into a pile of gold.

.
...#.#.###.#....#
.
...#.#.###......#
..
.....#..####....#
#.......##....#
#...._..#.....#
#.<._8_.......#
#.#.._........####
#.#....$..........
#.....o..Z@.######
#############


You could see an orc wizard (invisible) and a wyvern skeleton.

Vanquished Creatures
  Sigmund (D:5)
  An orc warrior (D:6)
  3 scorpions (D:5)
  A howler monkey (D:6)
  A hound (D:5)
  3 orc priests
  3 orc wizards
  A worker ant (D:4)
  Robin (D:2)
  A worker ant zombie (D:5)
  5 gnolls
  4 adders
  A shadow imp (D:6)
  An adder skeleton (D:4)
  5 worms
  10 dart slugs
  4 leopard geckos
  20 orcs
  6 giant cockroaches
  14 goblins
  12 hobgoblins
  3 jackals (D:4)
  5 quokkas
  4 bats (D:1)
  2 frilled lizards
  8 kobolds
  A quokka skeleton (D:4)
  9 rats
130 creatures vanquished.

Vanquished Creatures (others)
  A human (D:2)
  A dart slug (D:3)
2 creatures vanquished.

Grand Total: 132 creatures vanquished

Notes
Turn   | Place    | Note
-------+----------+-------------------------------------------
     0 | D:1      | Chiseanne the Spriggan Wanderer began the quest for the Orb.
     0 | D:1      | Chiseanne set off with: 4 curare-tipped needles, a +2 blowgun, 2 scrolls of teleportation, a +0 robe, a +0 dagger, a bread ration
     0 | D:1      | Reached XP level 1. HP: 12/12 MP: 2/2
   194 | D:1      | Reached XP level 2. HP: 13/16 MP: 3/3
   819 | D:1      | Reached skill level 4 in Dodging
   888 | D:2      | Found a faded altar of an unknown god.
   957 | D:2      | Reached XP level 3. HP: 10/21 MP: 4/4
  1138 | D:2      | Noticed Robin
  1163 | D:2      | Killed Robin
  1521 | D:2      | Reached XP level 4. HP: 3/25 MP: 5/5
  1822 | D:2      | Found an ancient bone altar of Kikubaaqudgha.
  1849 | D:2      | Reached skill level 5 in Dodging
  1962 | D:2      | Noticed a human
  1964 | D:2      | Killed a human
  2788 | D:3      | Reached XP level 5. HP: 27/30 MP: 6/6
  2917 | D:3      | Reached skill level 6 in Dodging
  3298 | D:3      | Found an iron altar of Okawaru.
  3324 | D:3      | Reached XP level 6. HP: 33/35 MP: 7/7
  3327 | D:3      | Reached skill level 5 in Fighting
  3857 | D:3      | Noticed Bronet's ghost (amateur HOMo)
  4228 | D:4      | Reached skill level 7 in Dodging
  4638 | D:4      | Found a staircase to the Ecumenical Temple.
  4668 | Temple   | Entered the Ecumenical Temple
  4876 | Temple   | Became a worshipper of Gozag Ym Sagoz the Greedy
  5325 | D:5      | Entered Level 5 of the Dungeon
  5389 | D:5      | Noticed Sigmund
  5414 | D:5      | Reached XP level 7. HP: 35/39 MP: 8/8
  5465 | D:5      | Reached skill level 8 in Dodging
  5520 | D:5      | Killed Sigmund
  6299 | D:6      | Found a shadowy altar of Dithmenos.
  6299 | D:6      | Found a blossoming altar of Fedhas.
  6334 | D:6      | Found a hazy altar of Hepliaklqana.
  6335 | D:6      | Found a bloodstained altar of Trog.
  6335 | D:6      | Found a sparkling altar of Nemelex Xobeh.
  6336 | D:6      | Found an ancient bone altar of Kikubaaqudgha.
  6346 | D:6      | Reached skill level 9 in Dodging
  6449 | D:6      | Slain by a wyvern skeleton

Vault maps used:
D:1:      sevenhm_arrival_forest_fort_small_3
D:2:      chequers_ecumenical_altar_simple, st_stairs_14, tgw_kikubaaqudgha,
          uniq_robin
D:3:      kennysheep_slugbush, first_bread, okawaru_altar_gauntlet_db
D:4:      minmay_temple_entry_junction
D:5:      cheibrodos_iron_armory, uniq_sigmund
D:6:      chequers_temple_overflow_statue_of_worship,
          gammafunk_temple_overflow_wave, grunt_ministairs_2,
          minmay_misc_feat_chi
Temple:   regret_index_temple_generic_petals

Skill      XL: |  1  2  3  4  5  6  7 |
---------------+----------------------+-----
Dodging        | 4 5 6 7 9 |  9.3
Fighting       | 4 5 6 |  6.4
Throwing       | |  1.0
Stealth        | |  3.0
Unarmed Combat | |  1.0

Action                   |  1- 3 |  4- 6 |  7- 9 || total
-------------------------+-------+-------+-------++-------
Melee: Dagger            |    84 |   225 |    61 ||   370
       Punch             |       |     1 |       ||     1
 Fire: Blowgun           |     4 |     8 |     4 ||    16
Throw: Stone             |     1 |     1 |       ||     2
Evoke: Wand              |       |       |     1 ||     1
  Use: Scroll            |     2 |     7 |     3 ||    12
 Stab: Sleeping          |     8 |    11 |     2 ||    21
  Eat: Fruit             |       |     4 |       ||     4
       Royal jelly       |       |     2 |       ||     2
Armor: Robe              |     4 |    13 |     1 ||    18
Dodge: Dodged            |    57 |   194 |    53 ||   304
